 Dungeon Crawl Stone Soup version 0.32-a0-711-g016ad743e0 (webtiles) character file.

Game seed: 10413214211165427610

171 ytrimaz the Ruffian (level 5, 0/37 HPs)
             Began as a Demonspawn Shapeshifter on Mar 15, 2024.
             Slain by an orc
             ... wielding a +0 mace
              (4 damage)
             ... on level 5 of the Dungeon.
             The game lasted 00:02:51 (3383 turns).

ytrimaz the Ruffian (Demonspawn Shapeshifter)       Turns: 3383, Time: 00:02:51

Health: 0/37       AC:  6    Str: 16    XL:     5   Next: 26%
Magic:  5/5        EV: 10    Int: 10    God:
Gold:   249        SH:  4    Dex: 13    Spells: 4/4 levels left

rFire   . .          .
                       - Unarmed
rCold   + . .        (no shield)
rNeg    + . .        h - +1 ring mail {rC+}
rPois   .            (helmet currently unavailable)
rElec   .            (cloak currently unavailable)
rCorr   +            (gloves currently unavailable)
SInv    .            (boots currently unavailable)
Will    .....        (no amulet)
Stlth   +            e - ring of positive energy
HPRegen 0.26/turn    b - ring of resist corrosion
MPRegen 0.18/turn

%: no passive effects
@: beast-form, hasted, very quick
A: beast (slay +2), horns 1, large bone plates 1, magic regeneration
a: Begin Untransformation


You were on level 5 of the Dungeon.
You were a hulking beast.
You visited 1 branch of the dungeon, and saw 5 of its levels.

You collected 249 gold pieces.


Innate Abilities, Weirdness & Mutations

You are a hulking beast.
Your limbs bulge with bestial killing power. (Slay +2)
You have a pair of small horns on your head.
You are partially covered in large bone plates. (SH +4)
You regenerate magic rapidly.


   Skills:
 - Level 1.0 Fighting
 - Level 1.7 Dodging
 + Level 4.3 Unarmed Combat
 + Level 4.0 Shapeshifting


You had 4 spell levels left.
You didn't know any spells.
Your spell library contained the following spells:

 Spells                   Type           Power      Damage    Failure   Level
 Lesser Beckoning         Tloc           0%         N/A       73%         2
 Gell's Gravitas          Tloc           0%         N/A       91%         3
 Teleport Other           Tloc           0%         N/A       91%         3

Inventory:

Armour
 h - a +1 ring mail of cold resistance (worn)
   (You found it on level 1 of the Dungeon)
Jewellery
 b - a ring of resist corrosion (right hand)
   (You took it off a kobold on level 2 of the Dungeon)
 e - a ring of positive energy (left hand)
   (You found it on level 1 of the Dungeon)
 m - the amulet "Kyix Silli" {RegenMP+ Int+7 Dex-3}
   (You found it on level 4 of the Dungeon)

   [amulet of magic regeneration]

   It increases your rate of magic regeneration.
   Int+7:     It affects your intelligence (+7).
   Dex-3:     It affects your dexterity (-3).
   RegenMP+:  It increases your rate of magic regeneration.
Talismans
 c - a beast talisman (active)
 d - a flux talisman
 f - the maw talisman of Cheibriados's Favour {rPois rC++ rCorr Int-3}
   (You acquired it on level 4 of the Dungeon)

   [maw talisman]

   Int-3:     It affects your intelligence (-3).
   rC++:      It greatly protects you from cold.
   rPois:     It protects you from poison.
   rCorr:     It protects you from acid and corrosion.
 l - a serpent talisman
   (You found it on level 4 of the Dungeon)
Scrolls
 n - a scroll of blinking {unknown}
 o - a scroll of teleportation {unknown}
 p - a scroll of revelation
Potions
 a - a potion of magic
 g - a potion of degeneration {unknown}
 i - 2 potions of haste
 j - 2 potions of heal wounds {unknown}
 k - a potion of enlightenment {unknown}

Dungeon Overview and Level Annotations

Branches:
Dungeon (5/15) Zot: 26617
 Temple: D:4-7

Altars:

Annotations:
D:4 2 transporters, jasper's ghost, amateur CoEE

####.#...............#
#............#######.#
#.##.#........## ###.####
#.##...........# #......#####
#.#########...## #.#.........
#.# ##.## #.#..#.####. #.# #.#
#.#......##. #.# #.#
#.##.#.#.##. #.# #h#
#.##.#.#.##. #.# #o)o#
#.##........ #.## #.....#
#......#.### ##..##
#..$<...######.##.#
#....####......)..####...#.###
#.......+.........+........)))
##...####.........####....####
##.## ##.......## ##.#.## #.#
##.#.##


You could see an orc wizard and an orc.


Message History

An adder is nearby!
An adder is nearby!
You are too injured to fight recklessly!
The adder hisses angrily. 😮 HP[+1]
You are too injured to fight recklessly!
The adder bites you but does no damage. x2
You closely miss the adder. The adder barely misses you.
You are too injured to fight recklessly!
Unknown command.
You hit the adder. You headbutt the adder.
The adder bites you but does no damage.
You hit the adder. The adder closely misses you.
Unknown command. 😮 HP[+1]
You hit the adder. You punch the adder.
You kill the adder!
Unknown command.
You now have 249 gold pieces (gained 6).
Key pressed, stopping explore.
Key pressed, stopping explore.
Found a stone staircase leading down. 😎 HP[+17]
Your hp is fully restored (37).
Found a stone staircase leading down.
There is a stone staircase leading down here.
p - a scroll of revelation You pick up a book of Displacement and begin reading...
You add the spells Lesser Beckoning, Gell's Gravitas and Teleport Other to your library.
You see here a +0 ring mail.
You open the door.
An orc priest and an orc come into view.
The orc priest is wielding a +0 short sword of electrocution.
The orc priest shouts!
The orc shouts!
You hear a shout! x2
Found 6 gold pieces and a sling.
Found a stone staircase leading up.
There are monsters nearby!
There are monsters nearby!
An orc and an orc wizard come into view.
The orc wizard shouts!
There is an open door here.
Unknown command.
The orc priest invokes the aid of Beogh against you.
Beogh smites you! 😮 HP[-10]
You take 10 damage, and now have 27/37 hp.
MASSIVE DAMAGE!! (PAUSE)
The orc hits you but does no damage.
Unknown command.
You punch the orc!
You kill the orc! 😕 HP[+1] Unknown command.
The orc priest hits you but does no damage.
There is an open door here.
Things that are here:
a +0 club; an orc corpse You barely miss the orc priest.
You block the orc priest's attack.
Unknown command.
You hit the orc priest. You headbutt the orc priest.
The orc priest closely misses you.
The orc wizard hits you with a +0 dagger.
The orc priest shouts, "The Pantheon deserves no one's loyalty.
Let us show you the true path!" (press Y on the ability menu to convert to Beogh) 😮 HP[-3]
You take 3 damage, and now have 25/37 hp.
You hit the orc priest but do no damage.
Your headbutt misses the orc priest.
The orc priest hits you with a +0 short sword of electrocution.
The orc wizard hits you but does no damage. 😮 HP[-1]
You take 1 damage, and now have 24/37 hp.
You closely miss the orc priest. You punch the orc priest.
The orc priest hits you but does no damage.
You are electrocuted!
* * * LOW HITPOINT WARNING * * *
The orc barely misses you.
You block the orc wizard's attack. 😱 HP[-16]
You take 16 damage, and now have 8/37 hp.
MASSIVE DAMAGE!! (PAUSE)
You closely miss the orc priest. You headbutt the orc priest.
You block the orc priest's attack. The orc barely misses you.
The orc wizard hits you with a +0 dagger.
* * * LOW HITPOINT WARNING * * *
😱 HP[-1]
You take 1 damage, and now have 7/37 hp.
Unknown command.
You feel yourself speed up. The orc closely misses you.
The orc priest closely misses you. The orc wizard casts a spell at you.
The magic dart hits you.
* * * LOW HITPOINT WARNING * * *
😱 HP[-4]
You take 4 damage, and now have 3/37 hp.
Unknown command.
You closely miss the orc priest.
The orc priest shouts, "Surrender to Beogh and we'll let you live!"
You headbutt the orc priest.
You kill the orc priest!
The orc hits you with a +0 mace.
You die...

Skill      XL: |  1  2  3  4  5 |
---------------+----------------+-----
Unarmed Combat | 3 4 |  4.3
Shapeshifting  | 3 4 |  4.0
Fighting       | |  1.0
Dodging        | |  1.7

Action                     |  1- 3 |  4- 6 || total
---------------------------+-------+-------++-------
  Melee: Unarmed           |   145 |    52 ||   197
         Punch             |     3 |     2 ||     5
         Headbutt          |     9 |    12 ||    21
    Use: Scroll            |     6 |     2 ||     8
         Potion            |     2 |     1 ||     3
 Armour: Animal skin       |    18 |       ||    18
         Ring mail         |    82 |    33 ||   115
         Skin              |    17 |       ||    17
  Dodge: Dodged            |    85 |    24 ||   109
  Block: Other             |    18 |     6 ||    24

Levels and vault maps discovered:
D:1:      dpeg_arrival_windows_large_door, layout_basic, serial_bayou,
          serial_bayou_pond_d, serial_bayou_crossing, serial_bayou_lagoon_a,
          serial_bayou_pond_a, ebering_ecumenical_altar_rust,
          hangedman_abyss_or_decor_stabs, hangedman_feature_mirror
D:2:      layout_loops_corners
D:3:      layout_basic
D:4:      layout_cave_pools, gammafunk_ghost_mausoleum
D:5:      layout_loops_corners, eino_tiny_chamber

Notes
Turn   | Place    | Note
-------+----------+-------------------------------------------
     0 | D:1      | ytrimaz the Demonspawn Shapeshifter began the quest for the
                  | Orb.
     0 | D:1      | Reached XP level 1. HP: 15/15 MP: 1/1
     0 | D:1      | magus.rc [v1.9.6]
   208 | D:1      | Reached skill level 3 in Unarmed Combat
   208 | D:1      | Gained mutation: You are partially covered in large bone
                  | plates. (SH +4) [demonic ancestry]
   208 | D:1      | Reached XP level 2. HP: 18/21 MP: 2/2
   540 | D:1      | Found a faded altar of an unknown god.
   608 | D:1      | Reached skill level 3 in Shapeshifting
   904 | D:2      | HP: 5/21 [rat (2)]
   907 | D:2      | HP: 2/21 [poisoned by an adder]
  1081 | D:2      | Gained mutation: You have a pair of small horns on your
                  | head. [demonic ancestry]
  1081 | D:2      | Reached XP level 3. HP: 26/26 MP: 3/3
  1143 | D:2      | HP: 8/39 [hobgoblin (3)]
  1147 | D:2      | HP: 3/39 [poisoned by a hobgoblin]
  1148 | D:2      | HP: 1/39 [poisoned by a hobgoblin]
  2524 | D:4      | Reached XP level 4. HP: 32/32 MP: 4/4
  2526 | D:4      | Identified a scroll of acquirement
  2526 | D:4      | Acquired the maw talisman of Cheibriados's Favour {rPois
                  | rC++ rCorr Int-3}
  2572 | D:4      | Found a transporter.
  2646 | D:4      | Identified the amulet "Kyix Silli" {RegenMP+ Int+7 Dex-3}
  2700 | D:4      | Found a transporter.
  2700 | D:4      | Noticed jasper's ghost (amateur CoEE)
  2701 | D:4      | Noticed a phantom
  2808 | D:4      | Reached skill level 4 in Unarmed Combat
  2999 | D:5      | Entered Level 5 of the Dungeon
  3156 | D:5      | Gained mutation: You regenerate magic rapidly. [demonic
                  | ancestry]
  3156 | D:5      | Reached XP level 5. HP: 34/37 MP: 5/5
  3161 | D:5      | Reached skill level 4 in Shapeshifting
  3359 | D:5      | You pick up a book of Displacement and begin reading...
  3359 | D:5      | You add the spells Lesser Beckoning, Gell's Gravitas and
                  | Teleport Other to your library.
  3380 | D:5      | HP: 8/37 [orc priest/+0 short sword of electrocution (16)]
  3382 | D:5      | HP: 3/37 [orc wizard/magic dart (4)]
  3383 | D:5      | Slain by an orc

Vanquished Creatures
  An orc priest (D:5)
  A bombardier beetle (D:4)
  3 adders
  4 gnolls (D:5)
  4 ribbon worms
  4 dart slugs
  2 orcs (D:5)
  4 bats
  4 endoplasms
  2 giant cockroaches
  5 goblins
  5 hobgoblins (D:2)
  3 jackals (D:4)
  5 quokkas
  3 ball pythons
  3 frilled lizards (D:2)
  3 kobolds
  3 rats (D:2)
59 creatures vanquished.

Table legend:
 A = Non-vault XP
 B = Vault XP
 C = Vault XP percentage of total XP
 D = Non-vault monster count
 E = Vault monster count
 F = Vault count percentage of total count
                 A         B        C        D         E       F
            +---------+---------+-------+---------+---------+-------
      Total |     285 |       4 |   1.4 |      57 |       2 |   3.4
            +---------+---------+-------+---------+---------+-------
        D:1 |      13 |       4 |  23.5 |       6 |       2 |  25.0
        D:2 |      58 |       0 |   0.0 |      23 |       0 |   0.0
        D:3 |      14 |       0 |   0.0 |       8 |       0 |   0.0
        D:4 |      64 |       0 |   0.0 |       9 |       0 |   0.0
        D:5 |     136 |       0 |   0.0 |      11 |       0 |   0.0
            +---------+---------+-------+---------+---------+-------

Skill      XL: |  1  2  3  4  5 |
---------------+----------------+-----
Unarmed Combat | 3 4 |  4.3
Shapeshifting  | 3 4 |  4.0
Fighting       | |  1.0
Dodging        | |  1.7

Action                     |  1- 3 |  4- 6 || total
---------------------------+-------+-------++-------
  Melee: Unarmed           |   145 |    52 ||   197
         Punch             |     3 |     2 ||     5
         Headbutt          |     9 |    12 ||    21
    Use: Scroll            |     6 |     2 ||     8
         Potion            |     2 |     1 ||     3
 Armour: Animal skin       |    18 |       ||    18
         Ring mail         |    82 |    33 ||   115
         Skin              |    17 |       ||    17
  Dodge: Dodged            |    85 |    24 ||   109
  Block: Other             |    18 |     6 ||    24

Illustrated notes

Table legend:
 A = Kills in this place as a percentage of kills in the entire game.
 B = Kills by you in this place as a percentage of kills by you in the entire game.
 C = Kills by friends in this place as a percentage of kills by friends in the entire game.
 D = Other kills in this place as a percentage of other kills in the entire game.
 E = Experience gained in this place as a percentage of experience gained in the entire game.
 F = Experience gained in this place divided by the number of levels of this place that you have seen.
                   A       B       C       D       E      F
               +-------+-------+-------+-------+-------+----------------------
         Total | 100.0 | 100.0 |   N/A |   N/A | 100.0 |  57.8
       Dungeon | 100.0 | 100.0 |   N/A |   N/A | 100.0 |  57.8
               +-------+-------+-------+-------+-------+----------------------

Table legend: (Time is in decaauts)
 A = Elapsed time spent in this place.
 B = Non-inter-level travel time spent in this place.
 C = Inter-level travel time spent in this place.
 D = Time resting spent in this place.
 E = Time spent auto-exploring this place.
 F = Levels seen in this place.
 G = Mean time per level.
                   A        B        C        D        E       F      G
               +--------+--------+--------+--------+--------+-----+--------+
         Total |   3381 |   3243 |    138 |    116 |   2603 |   5 |  676.2 |
       Dungeon |   3381 |   3243 |    138 |    116 |   2603 |   5 |  676.2 |
               +--------+--------+--------+--------+--------+-----+--------+

Top non-repeatable levels by time:
     D:2: 1180 daAuts
     D:1: 738 daAuts
     D:4: 542 daAuts
     D:3: 539 daAuts
     D:5: 381 daAuts
